 Dungeon Crawl Stone Soup version 0.25-a0-51-gc466198 (webtiles) character file.

Game seed: 7228493837782207728, levelgen mode: deterministic

13881 BoppinsLewinski the Cleaver (level 12, -6/105 HPs)
             Began as a Hill Orc Monk on Oct 25, 2019.
             Was a High Priest of Okawaru.
             Mangled by Rupert
             ... wielding a +4 great mace of holy wrath
              (18 damage)
             ... on level 3 of the Lair of Beasts.
             The game lasted 00:39:43 (13196 turns).

BoppinsLewinski the Cleaver (Hill Orc Monk)        Turns: 13196, Time: 00:39:44

Health: -6/105     AC: 18    Str: 19    XL:     12   Next: 10%
Magic:  0/17       EV: 11    Int: 10    God:    Okawaru [*****.]
Gold:   630        SH:  2    Dex: 13    Spells: 11/11 levels left

rFire    . . .     SeeInvis +   z - +5 executioner's axe (freeze)
rCold    . . .     Gourm    .   (shield currently unavailable)
rNeg     . . .     Faith    .   A - +0 plate armour
rPois    +         Spirit   +   b - +1 helmet {SInv}
rElec    .         Reflect  +   p - scarf {Spirit}
rCorr    +         Harm     .   (no gloves)
MR       .....                  (no boots)
Stlth    ..........             g - +2 amulet of reflection
HPRegen  0.27/turn              x - ring of poison resistance
MPRegen  0.15/turn              i - ring of resist corrosion

@: heroism, very slightly contaminated
A: no striking features
a: Heroism, Finesse, Renounce Religion


You were on level 3 of the Lair of Beasts.
You worshipped Okawaru.
Okawaru was extremely pleased with you.
You were not hungry.

You visited 3 branches of the dungeon, and saw 13 of its levels.
You also visited: Ossuary.

You collected 630 gold pieces.

Inventory:

Hand Weapons
 y - a +0 broad axe
 z - a +5 executioner's axe of freezing (weapon)
 N - a +3 flail
Missiles
 d - 297 stones
 t - 11 boomerangs (quivered)
 w - 21 sling bullets
 I - 2 javelins
 J - 3 silver boomerangs
Armour
 b - a +1 helmet of see invisible (worn)
 p - a scarf of spirit shield (worn)
 A - a +0 plate armour (worn)
Jewellery
 g - a +2 amulet of reflection (around neck)
 i - a ring of resist corrosion (right hand)
 l - an uncursed ring of see invisible
 o - an uncursed ring of protection from cold
 x - a ring of poison resistance (left hand)
Wands
 C - a wand of random effects (39)
 F - a wand of polymorph (16)
 L - a wand of flame (10)
Scrolls
 j - 4 scrolls of remove curse
 k - 3 scrolls of teleportation
 v - a scroll of identify
 D - a scroll of noise
 E - 2 scrolls of enchant armour
 G - a scroll of magic mapping
Potions
 f - 2 potions of resistance
 h - 2 potions of mutation
 m - 2 potions of cancellation
 n - a potion of flight
 r - a potion of invisibility
 u - 5 potions of lignification
Comestibles
 c - 18 rations
 q - a chunk of flesh


   Skills:
 + Level 9.6(14.6) Fighting
 * Level 13.7(18.7) Axes
 + Level 6.6(11.6) Throwing
 + Level 8.1(13.1) Armour
 + Level 6.6(11.6) Dodging
 - Level 1.5(6.5) Stealth
 + Level 6.7 Invocations
 + Level 3.4 Evocations


You had 11 spell levels left.
You didn't know any spells.
Your spell library contained the following spells:

 Spells                   Type           Power        Failure   Level  Hunger
 Animate Skeleton         Necr           N/A          99%         1    ##.....
 Beastly Appendage        Tmut           #.....       99%         1    ##.....
 Corona                   Hex            #......      99%         1    ##.....
 Freeze                   Ice            #...         99%         1    ##.....
 Magic Dart               Conj           #...         99%         1    ##.....
 Pain                     Necr           #...         99%         1    ##.....
 Sandblast                Erth           #.....       99%         1    ##.....
 Blink                    Tloc           N/A          100%        2    ###....
 Call Imp                 Summ           #.......     100%        2    ###....
 Ensorcelled Hibernation  Hex/Ice        #.....       100%        2    ###....
 Slow                     Hex            #.......     100%        2    ###....
 Sticks to Snakes         Tmut           #.......     100%        2    ###....
 Confuse                  Hex            #.......     100%        3    ####...
 Conjure Flame            Conj/Fire      #.......     100%        3    ####...
 Dazzling Spray           Conj/Hex       #.....       100%        3    ####...
 Mephitic Cloud           Conj/Pois/Air  #.......     100%        3    ####...
 Regeneration             Chrm/Necr      #.........   100%        3    ####...
 Spider Form              Tmut/Pois      #.........   100%        3    ####...
 Stone Arrow              Conj/Erth      #.....       100%        3    ####...
 Tukima's Dance           Hex            #.......     100%        3    ####...
 Vampiric Draining        Necr           #.........   100%        3    ####...
 Animate Dead             Necr           N/A          100%        4    #####..
 Ice Form                 Ice/Tmut       #.......     100%        4    #####..
 Petrify                  Tmut/Erth      #.......     100%        4    #####..
 Blade Hands              Tmut           #.........   100%        5    ######.
 Metabolic Englaciation   Hex/Ice        #.........   100%        5    ######.
 Statue Form              Tmut/Erth      #........    100%        6    #######


Dungeon Overview and Level Annotations

Branches:
Dungeon (8/15)             Temple (1/1) D:4            Lair (4/6) D:8
Ossuary (visited)
  Swamp: Lair:2-4    Shoals: Lair:2-4     Snake: Lair:2-4    Spider: Lair:2-4

Altars:
Cheibriados
Gozag
Hepliaklqana
Kikubaaqudgha
Makhleb
Nemelex Xobeh
Okawaru
Trog
Uskayaw
Vehumet
Xom
Yredelemnul

Shops:
D:8 [

Annotations:
Lair:3 Rupert


Message History

Ye miss tha water moccasin.
Tha water moccasin be almost dead.
Ye closely miss Rupert.
Ye feel less confused.
Tha water moccasin be nay longer movin' slowly.
Tha water moccasin closely misses ye.
Rupert roars madly an' goes inta a rage!
Rupert goes berserk!
Tha water moccasin barely misses ye.
Rupert closely misses ye.
Unknown command.
Rupert rages.
Rupert hits ye wit' a +4 great mace o' holy wrath!
* * * LOW HITPOINT WARNIN'
* * *
Found a blacken'd iron wand.
Rupert hits ye wit' a +4 great mace o' holy wrath!!
* * * LOW HITPOINT WARNIN'
* * * Ye gain tha combat prowess o' a mighty hero.
Tha water moccasin barely misses ye.
Rupert hits ye wit' a +4 great mace o' holy wrath!!
Ye die...

#...# #...#
#...## .#
###....#
....#......#
..........##
...####....#
/. #S@..#
#@..##
#....#
##...# #...#
#...# ....#
....# ....#


You could see Rupert (berserk) and a water moccasin.

Vanquished Creatures
  A hydra (Lair:1)
  A two-headed ogre (D:8)
  The ghost of skeletonkrew the Cleaver, a novice HOFi of Beogh (Lair:1)
  Pikel (D:8)
  3 oklob plants (Lair:1)
  A black mamba (Lair:1)
  2 spiny frogs (Lair:1)
  2 hippogriffs
  Eustachio (D:6)
  Grum (Lair:1)
  12 yaks
  A basilisk (D:8)
  2 water moccasins (Lair:1)
  5 orc warriors
  4 porcupines
  7 sky beasts
  3 ice beasts (D:8)
  A slave (D:8)
  A black bear (D:8)
  A phantom (D:7)
  5 necrophages (D:7)
  4 centaurs
  6 ogres
  7 wolves (Lair:1)
  3 crocodiles (Lair:1)
  2 elf zombies (Ossuary)
  9 bullfrogs
  A wyvern zombie (D:7)
  A water moccasin zombie (D:8)
  6 scorpions
  5 wights
  3 howler monkeys
  3 crimson imps
  3 centaur zombies
  A human zombie (Ossuary)
  4 bullfrog zombies
  A centaur skeleton (D:6)
  2 hounds
  A jelly (D:8)
  A bullfrog skeleton (D:5)
  3 orc priests
  4 orc wizards
  3 iguanas
  Natasha (thrice) (D:4)
  8 worker ants
  A big kobold zombie (Ossuary)
  3 ogre zombies (Ossuary)
  8 mummies
  6 gnolls
  11 adders
  3 adder zombies (Ossuary)
  2 adder skeletons
  A worm (D:3)
  3 dart slugs
  6 leopard geckos
  31 orcs
  3 bats
  5 giant cockroaches
  5 hobgoblins
  13 jackals
  9 kobolds
  3 quokkas
  2 ball pythons
  2 frilled lizards
  A gnoll zombie (Ossuary)
  5 goblins
  A goblin zombie (Ossuary)
  4 hobgoblin zombies (Ossuary)
  A kobold zombie (Ossuary)
  2 leopard gecko zombies (D:7)
  2 quokka skeletons
  7 quokka zombies (Ossuary)
  11 rats
  4 rat zombies (Ossuary)
  A bush (Lair:1)
  A fungus (Lair:1)
  A plant (D:8)
298 creatures vanquished.

Vanquished Creatures (others)
  3 slaves (D:8)
  An orc (D:8)
  13 fungi
  6 plants
23 creatures vanquished.

Grand Total: 321 creatures vanquished

Notes
Turn   | Place    | Note
-------+----------+-------------------------------------------
     0 | D:1      | BoppinsLewinski the Hill Orc Monk began the quest for the
                  | Orb.
     0 | D:1      | Reached XP level 1. HP: 19/19 MP: 1/1
    68 | D:1      | Reached XP level 2. HP: 27/27 MP: 2/2
   321 | D:1      | Reached XP level 3. HP: 29/33 MP: 3/3
   636 | D:2      | Reached skill level 1 in Throwing
   636 | D:2      | Reached skill level 1 in Armour
  1128 | D:3      | Reached XP level 4. HP: 38/40 MP: 4/4
  1238 | D:3      | Reached skill level 5 in Axes
  1562 | D:3      | Found an opulent altar of Gozag.
  2080 | D:4      | Reached XP level 5. HP: 37/47 MP: 5/5
  2125 | D:4      | Noticed an ogre
  2134 | D:4      | Killed an ogre
  2199 | D:4      | Reached skill level 6 in Axes
  2199 | D:4      | Reached XP level 6. HP: 46/53 MP: 6/6
  2204 | D:4      | Noticed Natasha
  2218 | D:4      | Killed Natasha
  2321 | D:4      | Found a sand-covered staircase.
  2331 | Ossuary  | Entered an ossuary
  2758 | Ossuary  | Reached skill level 5 in Fighting
  2873 | Ossuary  | Reached XP level 7. HP: 31/61 MP: 7/7
  3186 | Ossuary  | Reached skill level 7 in Axes
  3725 | D:4      | Found a staircase to the Ecumenical Temple.
  3731 | Temple   | Entered the Ecumenical Temple
  3744 | Temple   | Became a worshipper of Warmaster Okawaru
  3744 | Temple   | Reached * piety under Okawaru
  3744 | Temple   | Reached ** piety under Okawaru
  3799 | D:4      | Noticed Natasha
  3816 | D:4      | Killed Natasha
  3965 | D:4      | Noticed Natasha
  3987 | D:4      | Killed Natasha
  3990 | D:4      | Reached XP level 8. HP: 45/69 MP: 8/8
  4106 | D:5      | Entered Level 5 of the Dungeon
  4151 | D:5      | Reached skill level 8 in Axes
  4206 | D:5      | Found a bloodstained altar of Trog.
  4535 | D:5      | Found a shimmering altar of Xom.
  4668 | D:5      | Found a hazy altar of Hepliaklqana.
  5407 | D:6      | Noticed Eustachio
  5451 | D:6      | Killed Eustachio
  5464 | D:6      | Reached skill level 9 in Axes
  5564 | D:6      | Reached XP level 9. HP: 71/78 MP: 9/9
  5650 | D:6      | Reached *** piety under Okawaru
  5738 | D:5      | Reached skill level 5 in Armour
  6006 | D:6      | Reached skill level 10 in Axes
  6223 | D:6      | Found a hide-covered altar of Uskayaw.
  6223 | D:6      | Found an ancient bone altar of Kikubaaqudgha.
  6961 | D:7      | Reached skill level 5 in Dodging
  6961 | D:7      | Reached skill level 1 in Invocations
  7073 | D:7      | Reached **** piety under Okawaru
  7705 | D:7      | Reached skill level 11 in Axes
  7713 | D:7      | Reached XP level 10. HP: 65/87 MP: 11/11
  7839 | D:7      | Reached skill level 5 in Throwing
  8900 | D:8      | Noticed Pikel
  8917 | D:8      | Killed Pikel
  8929 | D:8      | Reached ***** piety under Okawaru
  8938 | D:8      | Reached skill level 12 in Axes
  8960 | D:8      | Found a staircase to the Lair.
  9378 | D:8      | Found Lobbec's Armour Boutique.
  9400 | D:8      | Noticed a two-headed ogre
  9410 | D:8      | Killed a two-headed ogre
  9410 | D:8      | Received a gift from Okawaru
  9410 | D:8      | Reached skill level 5 in Invocations
  9410 | D:8      | Reached XP level 11. HP: 56/94 MP: 7/14
  9600 | D:8      | Found a radiant altar of Vehumet.
  9601 | D:8      | Found a burning altar of Makhleb.
 10329 | Lair:1   | Entered Level 1 of the Lair of Beasts
 10332 | Lair:1   | Noticed a five-headed hydra
 10345 | Lair:1   | Noticed Grum
 10346 | Lair:1   | Noticed an oklob plant
 10346 | Lair:1   | Noticed an oklob plant
 10486 | Lair:1   | Received a gift from Okawaru
 10711 | Lair:1   | Reached skill level 1 in Evocations
 10880 | Lair:1   | HP: 4/97 [Grum/+0 glaive of freezing (2)]
 11412 | Lair:1   | Identified the Papyrus of the Frigorific Rocks
 11465 | Lair:1   | Reached skill level 13 in Axes
 11747 | Lair:1   | Killed a seven-headed hydra
 12079 | Lair:1   | Noticed skeletonkrew's ghost (novice HOFi)
 12082 | Lair:1   | Found a runed translucent door.
 12219 | Lair:1   | Killed skeletonkrew's ghost
 12312 | Lair:1   | Killed Grum
 12579 | Lair:1   | Killed an oklob plant
 12583 | Lair:1   | Killed an oklob plant
 12583 | Lair:1   | Reached XP level 12. HP: 66/105 MP: 8/16
 12599 | Lair:1   | Received a gift from Okawaru
 12899 | Lair:2   | You fall into a shaft and drop 2 floors!
 13055 | Lair:3   | Noticed Rupert
 13107 | Lair:3   | Paralysed by Rupert for 4 turns
 13131 | Lair:3   | Paralysed by Rupert for 4 turns
 13154 | Lair:3   | HP: 2/105 [Rupert/+4 great mace of holy wrath (9)]
 13196 | Lair:3   | Mangled by Rupert

Levels and vault maps discovered:
D:1:      dpeg_arrival_ratfight, layout_rooms
D:2:      layout_basic
D:3:      layout_loops_corners, grunt_gozag_breadcrumbs
D:4:      layout_basic, minmay_temple_entry_trees, enter_ossuary_1,
          mrwooster_statue_mirror, uniq_natasha
D:5:      layout_loops_ring, bloody_trog, overflow_temple_1_default,
          first_ration, tgw_xom
D:6:      layout_basic, gammafunk_temple_overflow_wave, uniq_eustachio
D:7:      layout_basic, serial_undead, serial_undead_f, serial_undead_f,
          serial_undead_c, serial_undead_a
D:8:      layout_rooms, grunt_temple_overflow_lords_of_destruction,
          due_lair_maze_entry_diamond, serial_shops, shop, uniq_pikel
Temple:   eino_temple_scatter_basement
Lair:1:   layout_big_grid, hellmonk_ghost_happy_afterlife, beast_lair_carwin_5,
          grunt_megastairs_2, serial_bayou_shore_b, minmay_lair_oklob_chamber,
          lemuel_fruit_fields, uniq_grum
Lair:2:   layout_cave_pods, elwin_shoals_entry_rocks, basic_altar,
          ldierk_geyser, nicolae_quartered_pool_medium, beast_lair_carwin_4
Lair:3:   layout_concentric_octagons, spider_nest_entry_web_field,
          grunt_megastairs_5, uniq_rupert
Lair:4:   layout_regular_city

Skill      XL: |  1  2  3  4  5  6  7  8  9 10 11 |
---------------+----------------------------------+-----
Fighting       | 4 5 6 7 8 9 |  9.6
Throwing       | 1 2 3 4 5 6 |  6.6
Armour         | 1 2 3 4 5 7 8 |  8.1
Axes           | 5 6 7 9 11 12 13 | 13.7
Dodging        | 3 4 5 6 |  6.6
Invocations    | 2 5 6 |  6.7
Evocations     | 3 |  3.4
Stealth        | |  1.5

Action                   |  1- 3 |  4- 6 |  7- 9 | 10-12 || total
-------------------------+-------+-------+-------+-------++-------
Melee: Hand axe          |   123 |   267 |   271 |       ||   661
       Broad axe         |       |       |   298 |   415 ||   713
       Punch             |       |       |     1 |     5 ||     6
       Flail             |       |       |       |     9 ||     9
       Executioner's axe |       |       |       |    12 ||    12
Throw: Stone             |       |       |     4 |     6 ||    10
       Boomerang         |       |       |    33 |    73 ||   106
       Javelin           |       |       |       |     4 ||     4
Invok: Heroism           |       |       |     6 |    12 ||    18
       Finesse           |       |       |       |     7 ||     7
Evoke: Wand              |       |       |       |     9 ||     9
  Use: Scroll            |       |     6 |    11 |    13 ||    30
       Potion            |       |     3 |    10 |    11 ||    24
 Stab: Sleeping          |     2 |       |       |       ||     2
       Invisible         |       |       |     2 |    14 ||    16
       Distracted        |       |       |       |     1 ||     1
  Eat: Chunk             |       |     3 |     8 |    16 ||    27
       Ration            |       |     1 |     2 |     1 ||     4
Armor: Robe              |    26 |       |       |       ||    26
       Scale mail        |    15 |    66 |   183 |   111 ||   375
       Ring mail         |     5 |       |       |       ||     5
       Skin              |       |    35 |       |       ||    35
       Plate armour      |       |       |       |    15 ||    15
Dodge: Dodged            |    90 |    95 |   287 |   259 ||   731
Block: Other             |       |       |    20 |    21 ||    41
       Reflection        |       |       |     1 |     1 ||     2

Table legend:
 A = Non-vault XP
 B = Vault XP
 C = Vault XP percentage of total XP
 D = Non-vault monster count
 E = Vault monster count
 F = Vault count percentage of total count
                 A         B        C        D         E       F
            +---------+---------+-------+---------+---------+-------
      Total |   11673 |    8158 |  41.1 |     213 |      81 |  27.6
            +---------+---------+-------+---------+---------+-------
        D:1 |      38 |       5 |  11.6 |      19 |       5 |  20.8
        D:2 |      34 |       0 |   0.0 |      12 |       0 |   0.0
        D:3 |      52 |       0 |   0.0 |      22 |       0 |   0.0
        D:4 |     460 |      36 |   7.3 |      17 |       1 |   5.6
        D:5 |     437 |      28 |   6.0 |      13 |       2 |  13.3
        D:6 |    1871 |     211 |  10.1 |      46 |       1 |   2.1
        D:7 |    1198 |     719 |  37.5 |      20 |       9 |  31.0
        D:8 |    3143 |    1727 |  35.5 |      41 |      11 |  21.2
     Lair:1 |    3770 |    4832 |  56.2 |      19 |      15 |  44.1
     Lair:3 |     585 |       0 |   0.0 |       3 |       0 |   0.0
     Lair:4 |      85 |       0 |   0.0 |       1 |       0 |   0.0
    Ossuary |       0 |     600 | 100.0 |       0 |      37 | 100.0
            +---------+---------+-------+---------+---------+-------
